 Dungeon Crawl Stone Soup version 0.23.2-30-g0e89c35649 (webtiles) character file.

Game seed: 17665258488150069955

37 lepoulpe303 the Chopper (level 3, 0/33 HPs)
             Began as a Hill Orc Monk on June 19, 2019.
             Killed from afar by Natasha (9 damage)
             ... with a magic dart
             ... on level 2 of the Dungeon.
             The game lasted 00:03:49 (1063 turns).

lepoulpe303 the Chopper (Hill Orc Monk)             Turns: 1063, Time: 00:03:50

Health: 0/33       AC:  2    Str: 14    XL:     3   Next: 39%
Magic:  3/3        EV: 28    Int:  8    God:
Gold:   67         SH:  0    Dex: 13    Spells: 2/2 levels left

rFire    . . .     SeeInvis .   a - +0 hand axe
rCold    . . .     Gourm    .   (no shield)
rNeg     . . .     Faith    .   b - +0 robe
rPois    .         Spirit   .   (no helmet)
rElec    .         Reflect  .   (no cloak)
rCorr    .         Harm     .   (no gloves)
MR       .....                  (no boots)
Stlth    ++........             o - amulet of the acrobat
HPRegen  0.11/turn              n - -2 ring of intelligence (curse)
MPRegen  0.08/turn              (no ring)

@: acrobat, slowed, very slow
A: no striking features
a: no special abilities


You were on level 2 of the Dungeon.
You were not hungry.

You visited 1 branch of the dungeon, and saw 2 of its levels.

You collected 67 gold pieces.

Inventory:

Hand Weapons
 a - a +0 hand axe (weapon)
Missiles
 Q - 17 stones (quivered)
Armour
 b - a +0 robe (worn)
Jewellery
 d - an uncursed amulet of harm
 n - a cursed -2 ring of intelligence (left hand)
 o - an amulet of the acrobat (around neck)
Scrolls
 c - a scroll of amnesia {unknown}
 f - a scroll of teleportation {unknown}
 h - a scroll of fog {unknown}
 i - a scroll of random uselessness {unknown}
Potions
 g - a potion of haste {unknown}
 j - a potion of might {unknown}
 k - a potion of lignification {unknown}
 l - 3 potions of magic {unknown}
 m - 2 potions of flight {unknown}
Comestibles
 e - 3 rations


   Skills:
 * Level 4.2 Fighting
 * Level 4.6 Axes
 + Level 1.1 Armour
 + Level 2.6 Dodging
 - Level 1.5 Stealth


You had 2 spell levels left.
You didn't know any spells.
Your spell library was empty.

Dungeon Overview and Level Annotations

Branches:
Dungeon (2/15)

Altars:

Annotations:
D:2 Natasha


Message History

You hit Natasha but do no damage. The bat hits you but does no damage.
Natasha claws you! Natasha claws you.
You take 9 damage, and have 24/33 hp.
MASSIVE DAMAGE!!
You barely miss Natasha. The bat hits you but does no damage.
Natasha claws you.
A worm comes into view.
You take 3 damage, and have 21/33 hp.
You hit Natasha but do no damage. You closely miss the bat. The bat hits you.
Natasha claws you.
* * * LOW HITPOINT WARNING * * *
Natasha mumbles some strange words.
You take 3 damage, and have 18/33 hp.
The bat completely misses you.
Natasha zaps a wand.
The puff of flame hits you!
* * * LOW HITPOINT WARNING * * *
Natasha stares at you and mumbles some strange words.
The magic dart hits you!
You die...

#..##... ...#... #..#..
#..#b. ...w# ###.%#
#..5h### #.##...##
#.#@.# #.##.# .. #.##.#
.# .# ..####.##.## .#
..# ............#
.#####.#
...####.##..###.#.....#
#.##.....<......#
#.##.....#.<....###
#.#####.<##....?...


You could see Natasha and a shadow imp.

Levels and vault maps discovered:
D:1:      dpeg_arrival_long_road, layout_loops_ring
D:2:      layout_rooms, kiku_gazebo_pond_becter, uniq_natasha

Notes
Turn   | Place    | Note
-------+----------+-------------------------------------------
     0 | D:1      | lepoulpe303 the Hill Orc Monk began the quest for the Orb.
     0 | D:1      | Reached XP level 1. HP: 19/19 MP: 1/1
     9 | D:1      | Identified a +0 dagger
    61 | D:1      | Identified a +0 club
   170 | D:1      | Identified a +0 whip
   177 | D:1      | Reached XP level 2. HP: 26/27 MP: 2/2
   221 | D:1      | Identified a +0 club
   301 | D:1      | Identified a +0 short sword
   313 | D:1      | Reached skill level 4 in Fighting
   656 | D:2      | Identified a +0 club
   671 | D:2      | Identified 2 scrolls of identify
   671 | D:2      | Identified an amulet of the acrobat (You found it on level
                  | 2 of the Dungeon)
   672 | D:2      | Identified an amulet of harm (You found it on level 1 of
                  | the Dungeon)
   674 | D:2      | Identified a ring of intelligence (You found it on level 1
                  | of the Dungeon)
   686 | D:2      | Reached XP level 3. HP: 33/33 MP: 3/3
   707 | D:2      | Reached skill level 1 in Armour
   720 | D:2      | Identified a +0 short sword
   720 | D:2      | Identified an uncursed ring of flight
   752 | D:2      | HP: 8/33 [poisoned by an adder]
   760 | D:2      | HP: 7/33 [poisoned by an adder]
  1048 | D:2      | Noticed Natasha
  1063 | D:2      | Killed from afar by Natasha

Table legend:
 A = Turns spent in this place as a percentage of turns spent in the entire game.
 B = Non-inter-level travel turns spent in this place as a percentage of non-inter-level travel turns spent in the entire game.
 C = Inter-level travel turns spent in this place as a percentage of turns spent in this place.
 D = Turns resting spent in this place as a percentage of non-inter-level travel turns spent in this place.
 E = Turns spent auto-exploring this place as a percentage of non-inter-level travel turns spent in this place.
 F = Non-inter-level travel turns spent in this place divided by the number of levels of this place that you've seen.
                   A       B       C       D       E      F
               +-------+-------+-------+-------+-------+----------------------
         Total | 100.0 | 100.0 |   1.4 |  24.6 |  54.2 | 524.0
       Dungeon | 100.0 | 100.0 |   1.4 |  24.6 |  54.2 | 524.0
               +-------+-------+-------+-------+-------+----------------------

Table legend:
 A = Kills in this place as a percentage of kills in entire the game.
 B = Kills by you in this place as a percentage of kills by you in the entire game.
 C = Kills by friends in this place as a percentage of kills by friends in the entire game.
 D = Other kills in this place as a percentage of other kills in the entire game.
 E = Experience gained in this place as a percentage of experience gained in the entire game.
 F = Experience gained in this place divided by the number of levels of this place that you have seen.
                   A       B       C       D       E      F
               +-------+-------+-------+-------+-------+----------------------
         Total | 100.0 | 100.0 |   N/A |   N/A | 100.0 |  26.5
       Dungeon | 100.0 | 100.0 |   N/A |   N/A | 100.0 |  26.5
               +-------+-------+-------+-------+-------+----------------------

Skill      XL: |  1  2  3 |
---------------+----------+-----
Fighting       | 4 |  4.2
Armour         | 1 |  1.1
Axes           | |  4.6
Dodging        | |  2.6
Stealth        | |  1.5

Action                   || total
-------------------------++-------
Melee: Hand axe          ||    98
Throw: Stone             ||    29
  Use: Scroll            ||     2
 Stab: Sleeping          ||     3
  Eat: Chunk             ||     1
Armor: Robe              ||    17
Dodge: Dodged            ||    71

Vanquished Creatures
  An adder (D:2)
  A leopard gecko (D:1)
  4 bats
  4 giant cockroaches
  2 goblins (D:1)
  4 hobgoblins
  A quokka (D:2)
  A frilled lizard (D:1)
  4 kobolds
  5 rats
27 creatures vanquished.
